 Dungeon Crawl Stone Soup version 0.23-a0-33-g1e3a2e4e2f (webtiles) character file.

880 Rrauwl the Skirmisher (level 8, -18/67 HPs)
             Began as a Gnoll Abyssal Knight on Aug 5, 2018.
             Was an Elder of Lugonu.
             Demolished by an ogre
             ... wielding a +0 giant club
              (20 damage)
             ... on level 5 of the Dungeon.
             The game lasted 00:11:07 (4125 turns).

Rrauwl the Skirmisher (Gnoll Abyssal Knight)        Turns: 4125, Time: 00:11:08

Health: -18/67     AC: 12    Str: 17    XL:     8   Next: 5%
Magic:  12/12      EV: 10    Int: 14    God:    Lugonu [****..]
Gold:   221        SH: 13    Dex: 20    Spells: 12/12 levels left

rFire    + . .     SeeInvis .   a - +2 falchion (holy)
rCold    + . .     Gourm    .   r - +0 large shield
rNeg     . . .     Faith    .   d - +0 chain mail (curse)
rPois    +         Spirit   .   (no helmet)
rElec    +         Reflect  .   f - +1 cloak (curse)
rCorr    +         Harm     .   (no gloves)
MR       .....                  (no boots)
Stlth    +.........             (no amulet)
HPRegen  0.21/turn              p - ring of poison resistance
MPRegen  0.13/turn              (no ring)

@: agile, about to teleport, resistant
A: distributed training, fangs 1, strong nose
a: Depart the Abyss, Bend Space, Banish, Corrupt, Renounce Religion


You were on level 5 of the Dungeon.
You worshipped Lugonu.
Lugonu was greatly pleased with you.
You were not hungry.

You visited 1 branch of the dungeon, and saw 5 of its levels.
You visited the Abyss 1 time.

You collected 221 gold pieces.

Inventory:

Hand Weapons
 a - a +2 falchion of holy wrath (weapon)
 b - a +0 hunting sling
 c - a +0 short sword of draining
Missiles
 h - 68 sling bullets
 o - 12 tomahawks (quivered)
Armour
 d - a cursed +0 chain mail (worn)
 f - a cursed +1 cloak (worn)
 r - a +0 large shield (worn)
Jewellery
 p - a ring of poison resistance (left hand)
Scrolls
 e - a scroll of teleportation
 g - 4 scrolls of identify
 j - a scroll of immolation
 q - a scroll of amnesia
Comestibles
 m - 5 rations
 n - 6 chunks of flesh


   Skills:
 + Level 7.2 Fighting
 + Level 2.8 Short Blades
 + Level 5.4 Long Blades
 + Level 2.8 Axes
 + Level 2.8 Maces & Flails
 + Level 2.8 Polearms
 + Level 2.8 Staves
 + Level 2.8 Slings
 + Level 2.8 Bows
 + Level 2.8 Crossbows
 + Level 2.8 Throwing
 + Level 5.4 Armour
 + Level 3.9 Dodging
 + Level 2.8 Stealth
 + Level 2.8 Shields
 + Level 2.8 Unarmed Combat
 + Level 2.8 Spellcasting
 + Level 2.3 Conjurations
 + Level 2.3 Hexes
 + Level 2.3 Charms
 + Level 2.3 Summonings
 + Level 2.3 Necromancy
 + Level 2.3 Translocations
 + Level 2.3 Transmutations
 + Level 2.3 Fire Magic
 + Level 2.3 Ice Magic
 + Level 2.3 Air Magic
 + Level 2.3 Earth Magic
 + Level 2.3 Poison Magic
 + Level 5.6 Invocations
 + Level 2.8 Evocations


You had 12 spell levels left.
You didn't know any spells.
Your spell library was empty.

Dungeon Overview and Level Annotations

Branches:
Dungeon (5/15)
 Temple: D:4-7

Altars:
Ashenzari
Gozag
Nemelex Xobeh
Uskayaw
Vehumet
The Shining One


Innate Abilities, Weirdness & Mutations

Your experience applies equally to all skills.
You have very sharp teeth.
Your uncanny sense of smell can sniff out nearby items.


Message History

Unknown command.
You closely miss the orc. You bite the orc.
The orc is lightly wounded.
The orc wizard mumbles some strange words.
The orc wizard flickers and vanishes!
Deactivating autopickup; reactivate with Ctrl-A.
The ogre closely misses you. You block the orc's attack.
Unknown command.
You hit the orc. Your bite misses the orc.
The orc is moderately wounded.
You block the orc's attack. The ogre hits you with a giant club.
* * * LOW HITPOINT WARNING * * *
You block the orc's attack.
Unknown command.
Okay, then.
You don't know any spells.
Okay, then.
As you read the scroll of teleportation, it crumbles to dust.
You feel strangely unstable. The ogre hits you with a giant club!!
You die...

.....o(........#.......
.......####............
...........<...........
...#.......O.).........
.. #...................
# #..........o.#..>.#
#.......).#{## ...#
#.........#O# ..#
#........)#@#
########<.o.# ######


You could see an ogre and 2 orcs.

Vanquished Creatures
  A ynoxinul (Abyss:1)
  2 scorpions
  A hound (D:4)
  4 orc wizards
  3 orc priests (D:3)
  A bullfrog skeleton (D:4)
  A centaur skeleton (D:4)
  Terence (D:2)
  Natasha (twice) (D:4)
  A worker ant (D:4)
  4 gnolls
  8 adders
  4 worms (D:2)
  A dart slug (D:3)
  3 leopard geckos
  25 orcs
  9 bats
  5 giant cockroaches
  4 goblins
  10 hobgoblins
  7 jackals
  9 kobolds
  3 quokkas
  5 ball pythons
  4 frilled lizards
  8 rats
126 creatures vanquished.

Notes
Turn   | Place    | Note
-------+----------+-------------------------------------------
     0 | Abyss:1  | Rrauwl the Gnoll Abyssal Knight began the quest for the Orb.
     0 | Abyss:1  | Reached XP level 1. HP: 23/23 MP: 3/3
    24 | Abyss:1  | Found a corrupted altar of Lugonu.
    55 | Abyss:1  | Noticed a ynoxinul
    58 | Abyss:1  | Killed a ynoxinul
    58 | Abyss:1  | Reached skill level 1 in Short Blades
    58 | Abyss:1  | Reached skill level 1 in Axes
    58 | Abyss:1  | Reached skill level 1 in Maces & Flails
    58 | Abyss:1  | Reached skill level 1 in Polearms
    58 | Abyss:1  | Reached skill level 1 in Staves
    58 | Abyss:1  | Reached skill level 1 in Slings
    58 | Abyss:1  | Reached skill level 1 in Bows
    58 | Abyss:1  | Reached skill level 1 in Crossbows
    58 | Abyss:1  | Reached skill level 1 in Throwing
    58 | Abyss:1  | Reached skill level 1 in Stealth
    58 | Abyss:1  | Reached skill level 1 in Shields
    58 | Abyss:1  | Reached skill level 1 in Unarmed Combat
    58 | Abyss:1  | Reached skill level 1 in Spellcasting
    58 | Abyss:1  | Reached skill level 1 in Conjurations
    58 | Abyss:1  | Reached skill level 1 in Hexes
    58 | Abyss:1  | Reached skill level 1 in Charms
    58 | Abyss:1  | Reached skill level 1 in Summonings
    58 | Abyss:1  | Reached skill level 1 in Necromancy
    58 | Abyss:1  | Reached skill level 1 in Translocations
    58 | Abyss:1  | Reached skill level 1 in Transmutations
    58 | Abyss:1  | Reached skill level 1 in Fire Magic
    58 | Abyss:1  | Reached skill level 1 in Ice Magic
    58 | Abyss:1  | Reached skill level 1 in Air Magic
    58 | Abyss:1  | Reached skill level 1 in Earth Magic
    58 | Abyss:1  | Reached skill level 1 in Poison Magic
    58 | Abyss:1  | Reached skill level 1 in Evocations
    58 | Abyss:1  | Reached XP level 2. HP: 19/29 MP: 5/5
    58 | Abyss:1  | Reached XP level 3. HP: 23/35 MP: 6/6
    58 | Abyss:1  | Reached XP level 4. HP: 26/41 MP: 7/7
    58 | Abyss:1  | Reached XP level 5. HP: 30/47 MP: 8/8
    63 | D:1      | Escaped the Abyss
   282 | D:1      | Found a sparkling altar of Nemelex Xobeh.
   413 | D:1      | Reached ** piety under Lugonu
   894 | D:2      | You fall through a shaft!
   919 | D:3      | Found an opulent altar of Gozag.
   922 | D:3      | Found a hide-covered altar of Uskayaw.
   925 | D:3      | Found a shattered altar of Ashenzari.
   950 | D:3      | Found a glowing golden altar of the Shining One.
   997 | D:3      | Reached skill level 5 in Invocations
   997 | D:3      | Reached XP level 6. HP: 44/53 MP: 9/9
  1098 | D:2      | Noticed Terence
  1107 | D:2      | Killed Terence
  1316 | D:2      | Found a radiant altar of Vehumet.
  1609 | D:2      | Reached skill level 5 in Long Blades
  1609 | D:2      | Reached skill level 5 in Armour
  1626 | D:2      | Reached *** piety under Lugonu
  1798 | D:3      | Reached XP level 7. HP: 20/59 MP: 10/10
  2628 | D:3      | Reached skill level 7 in Fighting
  3277 | D:4      | Reached **** piety under Lugonu
  3282 | D:4      | Noticed Natasha
  3289 | D:4      | Killed Natasha
  3735 | D:4      | Noticed Natasha
  3764 | D:4      | Killed Natasha
  4030 | D:5      | Entered Level 5 of the Dungeon
  4114 | D:5      | Reached XP level 8. HP: 14/67 MP: 12/12
  4119 | D:5      | HP: 3/67 [ogre/giant club (13)]
  4124 | D:5      | HP: 2/67 [ogre/giant club (5)]
  4125 | D:5      | Demolished by an ogre

Vault maps used:
D:1:      matt_arrival_grand_opening, nemelex_altar_shiori
D:2:      kb_forest_paths, marbit_many_paths, uniq_terence
D:3:      grunt_temple_overflow_diamond, nicolae_overflow_crystal_walls
D:4:      minmay_opposing_rooms, uniq_natasha
D:5:      first_ration

Skill      XL: |  1  2  3  4  5  6  7 |
---------------+----------------------+-----
Short Blades   | 1 2 |  2.8
Axes           | 1 2 |  2.8
Maces & Flails | 1 2 |  2.8
Polearms       | 1 2 |  2.8
Staves         | 1 2 |  2.8
Slings         | 1 2 |  2.8
Bows           | 1 2 |  2.8
Crossbows      | 1 2 |  2.8
Throwing       | 1 2 |  2.8
Stealth        | 1 2 |  2.8
Shields        | 1 2 |  2.8
Unarmed Combat | 1 2 |  2.8
Spellcasting   | 1 2 |  2.8
Conjurations   | 1 2 |  2.3
Hexes          | 1 2 |  2.3
Charms         | 1 2 |  2.3
Summonings     | 1 2 |  2.3
Necromancy     | 1 2 |  2.3
Translocations | 1 2 |  2.3
Transmutations | 1 2 |  2.3
Fire Magic     | 1 2 |  2.3
Ice Magic      | 1 2 |  2.3
Air Magic      | 1 2 |  2.3
Earth Magic    | 1 2 |  2.3
Poison Magic   | 1 2 |  2.3
Evocations     | 1 2 |  2.8
Dodging        | 3 |  3.9
Invocations    | 5 |  5.6
Long Blades    | 5 |  5.4
Armour         | 5 |  5.4
Fighting       | 7 |  7.2

Action                   |  1- 3 |  4- 6 |  7- 9 || total
-------------------------+-------+-------+-------++-------
Melee: Falchion          |     3 |   247 |   211 ||   461
       Bite              |     2 |    34 |    34 ||    70
       Punch             |       |     3 |     1 ||     4
  Use: Potion            |       |     4 |     5 ||     9
       Scroll            |       |     6 |     5 ||    11
  Eat: Chunk             |       |     3 |     8 ||    11
Armor: Chain mail        |       |   124 |    96 ||   220
Dodge: Dodged            |     3 |   119 |    78 ||   200
Block: Large shield      |       |       |    25 ||    25
       Rpst.: Falchion   |     3 |    37 |    22 ||    62

Table legend:
 A = Spawn XP
 B = Non-spawn XP
 C = Spawn XP percentage of total XP
 D = Spawn monster count
 E = Non-spawn monster count
 F = Spawn count percentage of total count
 G = Total turns spent on level
                    A         B        C        D         E        F      G
               +---------+---------+-------+---------+---------+-------+---------
         Total |       0 |    1258 |   0.0 |       0 |     126 |   0.0 |  4125
               +---------+---------+-------+---------+---------+-------+---------
           D:1 |       0 |      65 |   0.0 |       0 |      32 |   0.0 |   769
           D:2 |       0 |     184 |   0.0 |       0 |      32 |   0.0 |   804
           D:3 |       0 |     327 |   0.0 |       0 |      33 |   0.0 |  1253
           D:4 |       0 |     393 |   0.0 |       0 |      20 |   0.0 |  1141
           D:5 |       0 |      91 |   0.0 |       0 |       8 |   0.0 |    95
       Abyss:1 |       0 |     198 |   0.0 |       0 |       1 |   0.0 |    63
               +---------+---------+-------+---------+---------+-------+---------
